 Dungeon Crawl Stone Soup version 0.29-a0-451-gfbfa42419e (webtiles) character file.

Game seed: 5747668073222733795

72080 jfcaron the Severer (level 15, 0/96 HPs)
             Began as a Gargoyle Fighter on May 18, 2022.
             Was the Champion of Zin.
             Slain by an ice devil (8 damage)
             ... summoned by an orc sorcerer
             ... on level 2 of the Orcish Mines on May 19, 2022.
             The game lasted 01:13:31 (31575 turns).

jfcaron the Severer (Gargoyle Fighter)             Turns: 31575, Time: 01:13:32

Health: 0/96       AC: 32    Str: 27    XL:     15   Next: 38%
Magic:  24/24      EV:  5    Int:  9    God:    Zin [******]
Gold:   2593       SH: 18    Dex:  9    Spells: 14/14 levels left

rFire   + . .      SeeInvis +   a - +0 war axe
rCold   . . .      Faith    .   D - +2 tower shield
rNeg    + + .      Spirit   .   r - +0 plate armour
rPois   ∞          Reflect  .   e - +1 helmet
rElec   +          Harm     .   Q - +0 cloak
rCorr   .          Rampage  .   (no gloves)
Will    ++++.      Clarity  +   L - +0 pair of boots
Stlth   ..........              v - amulet of the Four Winds {rN+ Will+++ Clar}
HPRegen 0.26/turn               h - ring of protection from fire
MPRegen 0.19/turn               i - ring of see invisible

@: about to teleport, on recite cooldown, flying
A: sickness immunity, AC +11, big wings, negative energy resistance 1,
electricity resistance, torment resistance 1, petrification resistance
a: Renounce Religion, Recite, Vitalisation, Imprison, Sanctuary, Donate Gold


You were on level 2 of the Orcish Mines.
You worshipped Zin.
Zin was exalted by your worship.
You visited 4 branches of the dungeon, and saw 21 of its levels.

You collected 2850 gold pieces.
You donated 257 gold pieces to Zin.

Inventory:

Hand Weapons
 a - a +0 war axe (weapon)
 b - a +2 hand axe of venom
 f - a +2 battleaxe of flaming
 n - a +2 hand crossbow of flaming
 o - a +1 scimitar of flaming
Missiles
 p - 16 boomerangs
 s - 360 stones
 A - 21 poisoned darts (quivered)
 B - 3 silver javelins {!f}
 J - a curare-tipped dart {!f}
 M - a javelin
Armour
 e - a +1 helmet (worn)
 r - a +0 plate armour (worn)
 D - a +2 tower shield (worn)
 K - the +4 plate armour of Autumn {Harm rC+}
   (You found it on level 4 of the Lair of Beasts)

   rC:        It protects you from cold.
   Harm:      It increases damage dealt and taken.
 L - a +0 pair of boots (worn)
 Q - a +0 cloak (worn)
Jewellery
 h - a ring of protection from fire (left hand)
 i - a ring of see invisible (right hand)
 v - the amulet of the Four Winds (around neck) {rN+ Will+++ Clar}
   (You found it on level 7 of the Dungeon)

   [amulet of nothing]

   rN:        It protects you from negative energy.
   Clar:      It protects you against confusion.
   Will:      It greatly increases your willpower.
 O - a ring of ice
 P - a ring of fire
 R - a ring of resist corrosion
 T - a ring of protection from cold
Wands
 y - a wand of charming (3)
 z - a wand of mindburst (5)
 E - a wand of iceblast (6)
Scrolls
 l - 12 scrolls of teleportation
 q - 3 scrolls of amnesia
 t - 3 scrolls of enchant weapon
 x - 3 scrolls of immolation
 C - 2 scrolls of magic mapping
 F - a scroll of fear
 I - 2 scrolls of enchant armour
 N - 3 scrolls of vulnerability
 S - a scroll of fog
 W - a scroll of brand weapon
Potions
 c - a potion of resistance
 d - a potion of might
 g - a potion of haste
 j - 7 potions of ambrosia
 k - 6 potions of attraction
 m - 5 potions of invisibility
 u - 3 potions of cancellation
 w - 3 potions of mutation
 G - 3 potions of curing
 V - a potion of berserk rage
Miscellaneous
 H - a tin of tremorstones (inert)


   Skills:
 + Level 12.1 Fighting
 - Level 16.0 Axes
 - Level 12.0 Armour
 + Level 12.6 Shields
 + Level 12.1 Invocations
 + Level 6.2 Evocations


You had 14 spell levels left.
You didn't know any spells.
Your spell library contained the following spells:

 Spells                   Type           Power      Damage    Failure   Level
 Summon Small Mammal      Summ           0%         N/A       100%        1
 Blink                    Tloc           0%         N/A       100%        2
 Ensorcelled Hibernation  Hex/Ice        0%         N/A       100%        2
 Passwall                 Tmut/Erth      0%         N/A       100%        2
 Static Discharge         Conj/Air       0%         N/A       100%        2
 Call Canine Familiar     Summ           0%         N/A       100%        3
 Ignite Poison            Fire/Tmut/Pois 0%         N/A       100%        3
 Inner Flame              Hex/Fire       0%         N/A       100%        3
 Lesser Beckoning         Tloc           0%         N/A       100%        3
 Mephitic Cloud           Conj/Pois/Air  0%         N/A       100%        3
 Portal Projectile        Hex/Tloc       0%         N/A       100%        3
 Summon Guardian Golem    Hex/Summ       0%         N/A       100%        3
 Swiftness                Air            0%         N/A       100%        3
 Tukima's Dance           Hex            0%         N/A       100%        3
 Cause Fear               Hex            0%         N/A       100%        4
 Dispel Undead            Necr           0%         3d6       100%        4
 Sticky Flame             Conj/Fire      0%         2d3       100%        4
 Blade Hands              Tmut           0%         N/A       100%        5
 Freezing Cloud           Conj/Ice/Air   0%         6-21      100%        5
 Manifold Assault         Tloc           0%         N/A       100%        5
 Orb of Destruction       Conj           0%         9d5       100%        7
 Spellforged Servitor     Conj/Summ      0%         N/A       100%        7
 Discord                  Hex            0%         N/A       100%        8


Dungeon Overview and Level Annotations

Branches:
Dungeon (12/15)            Temple (1/1) D:6            Lair (6/6) D:11
  Swamp (0/4) Lair:2        Snake (0/4) Lair:3        Slime (0/5) Lair:5
    Orc (2/2) D:11            Elf (0/3) Orc:2

Altars:
Ashenzari
Cheibriados
Dithmenos
Elyvilon
Fedhas
Gozag
Hepliaklqana
Kikubaaqudgha
Makhleb
Nemelex Xobeh
Okawaru
Qazlal
Ru
Sif Muna
Trog
Uskayaw
Vehumet
Wu Jian
Xom
Yredelemnul
Zin
The Shining One
Jiyva

Shops:
D:7 (   D:9 =

Annotations:
D:10 come back with digging
D:11 exclusion: ice statue
Lair:2 2 transporters, Caiv's ghost, journeyman OpAE
Lair:4 1 runed translucent door, GayMysterio's ghost, adept MiBe
Orc:2 1 runed translucent door


Innate Abilities, Weirdness & Mutations

You are immune to sickness and miasma.
Your stone body is resilient. (AC +11)
You are immune to poison.
Your large and strong wings let you fly.
You resist negative energy. (rN+)
You are resistant to electric shocks. (rElec)
You are resistant to unholy torment.
You are immune to petrification.


Message History

You hit the ice devil but do no damage.
The ice devil is severely wounded.
You block the ice devil's attack.
The orc knight roars a battlecry!
The orc sorcerer goes into a battle-frenzy!
Unknown command.
You hit the ice devil but do no damage.
The ice devil is severely wounded.
The ice devil hits you. The ice devil freezes you!
* * * LOW HITPOINT WARNING * * *
Unknown command.
You hit the ice devil but do no damage.
The ice devil is severely wounded.
You block the ice devil's attack.
Unknown command.
You hit the ice devil but do no damage.
The ice devil is severely wounded.
You block the ice devil's attack.
As you read the scroll of teleportation, it crumbles to dust.
You feel strangely unstable.
The orc knight roars a battlecry!
The ice devil barely misses you.
You hear a shout!
Unknown command.
Throw: 2 javelins
Press: ? - help, Shift-Dir - straight line, f - orc sorcerer
Aim: an orc sorcerer, wielding a +0 dagger and wearing a +0 robe (moderately wounded, strong, 55% to hit)
You throw a javelin.
The javelin barely misses the ice devil.
The javelin pierces through the orc sorcerer but does no damage.
The orc sorcerer is moderately wounded.
The orc knight no longer looks unusually strong.
You block the ice devil's attack. The smoke demon gestures at you.
Something smites you!
* * * LOW HITPOINT WARNING * * *
The ice devil hits you.
* * * LOW HITPOINT WARNING * * *
The ice devil freezes you!
You die...

.#### #.................#
....##
###..............#.##
.....###.#..............###
....###..............#..##
.######..................#
.# ##...)................#
####....)...............##
# #...)...........#.....#
###..###########@########
##...# ######4###### .#..##
#....oo3....### .)..##
...####)####...## .#...#
#(# ###..## .##.## #)#
##..# ..### #(# ##.# ...##
#o# #.# ....# .)o ..#


You could see an orc knight (corona), an ice devil (summoned, corona), a smoke
demon (summoned), an orc sorcerer (strong) and an orc warrior (stupefied).

Vanquished Creatures
  Rupert (Lair:4)
  Snorg (Lair:3)
  Josephine (Lair:6)
  Erolcha (Orc:2)
  2 hydras (Lair:6)
  2 boulder beetles
  5 catoblepae
  Erica (D:8)
  3 two-headed ogres
  An orc high priest (Orc:2)
  8 death yaks
  Urug (Orc:2)
  Pikel (D:6)
  4 orc knights
  An oklob plant (Orc:1)
  2 manticores (Lair:6)
  4 orc sorcerers
  A moth of wrath (Lair:4)
  14 elephants
  Maurice (D:9)
  7 black mambas
  A torpor snail (Lair:6)
  18 cane toads
  A gargoyle (D:12)
  Psyche (D:8)
  2 rime drakes
  19 komodo dragons
  6 ice devils (D:11)
  A queen bee (Lair:4)
  4 tyrant leeches (Lair:2)
  4 trolls
  6 meliai
  A polar bear (Lair:4)
  2 hornets
  Prince Ribbit (D:9)
  9 blink frogs
  11 dream sheep
  4 wraiths
  70 yaks
  A vampire (D:9)
  7 wyverns
  A shadow (D:10)
  Eustachio (D:6)
  Grum (D:9)
  4 vampire mosquitoes (D:10)
  2 steam dragons (D:8)
  A warg (Orc:1)
  Menkaure (D:5)
  Edmund (D:6)
  3 swamp worms
  4 nagas (Lair:3)
  16 water moccasins
  13 orc warriors
  A black bear (Lair:4)
  An ice beast (D:5)
  5 ogres
  A sky beast (D:6)
  24 wolves
  A centaur (D:5)
  3 kobold brigands
  10 bullfrogs
  A necrophage (D:6)
  3 scorpions
  25 killer bees
  A vampire bat (Lair:6)
  A howler monkey (D:10)
  16 orc priests
  A jelly (D:7)
  2 gnoll shamans (D:9)
  3 hounds
  2 iguanas
  19 orc wizards
  5 adders
  7 gnolls (D:9)
  A shadow imp (D:4)
  3 white imps
  7 ufetubi
  5 dart slugs
  48 orcs
  7 ball pythons
  10 bats
  4 endoplasms
  4 giant cockroaches
  7 goblins
  6 hobgoblins
  7 jackals
  2 quokkas
  6 frilled lizards
  18 kobolds
  7 rats
  67 fungi
  A pillar of salt (Orc:2)
  69 plants
690 creatures vanquished.

Notes
Turn   | Place    | Note
-------+----------+-------------------------------------------
     0 | D:1      | jfcaron the Gargoyle Fighter began the quest for the Orb.
     0 | D:1      | Reached XP level 1. HP: 14/14 MP: 1/1
    51 | D:1      | Reached XP level 2. HP: 19/19 MP: 2/2
    74 | D:1      | Reached skill level 2 in Axes
   316 | D:1      | Reached XP level 3. HP: 20/23 MP: 3/3
  1253 | D:2      | Found a faded altar of an unknown god.
  1661 | D:3      | Reached XP level 4. HP: 29/29 MP: 4/4
  2275 | D:4      | Noticed a scorpion
  2283 | D:4      | Killed a scorpion
  2284 | D:4      | Reached skill level 3 in Axes
  2284 | D:4      | Reached XP level 5. HP: 33/33 MP: 5/5
  2812 | D:4      | Noticed an ogre
  2821 | D:4      | HP: 5/33 [ogre/+0 giant club (14)]
  2823 | D:4      | HP: 1/33 [ogre/+0 giant club (14)]
  2829 | D:4      | Killed an ogre
  2830 | D:4      | Reached XP level 6. HP: 13/39 MP: 6/6
  3128 | D:4      | Reached skill level 4 in Axes
  3174 | D:5      | Entered Level 5 of the Dungeon
  3352 | D:5      | Reached XP level 7. HP: 44/44 MP: 7/7
  3360 | D:5      | HP: 7/44 [iguana (4)]
  3404 | D:5      | Reached skill level 5 in Fighting
  3404 | D:5      | Reached skill level 5 in Shields
  3409 | D:5      | Reached skill level 5 in Armour
  3618 | D:5      | Found a burning altar of Makhleb.
  3636 | D:5      | Reached skill level 5 in Axes
  3717 | D:5      | Reached XP level 8. HP: 50/50 MP: 8/8
  3876 | D:5      | Noticed Menkaure
  3886 | D:5      | Killed Menkaure
  4287 | D:6      | Reached skill level 1 in Evocations
  4296 | D:6      | Noticed Eustachio
  4397 | D:6      | Killed Eustachio
  4605 | D:6      | Reached skill level 6 in Axes
  4928 | D:6      | Identified the +0 cloak of Nacwimn {Harm *Slow rN+ Str+4}
  5038 | D:6      | Noticed Edmund
  5060 | D:6      | Killed Edmund
  5118 | D:6      | Reached XP level 9. HP: 50/55 MP: 9/9
  5209 | D:6      | Found a staircase to the Ecumenical Temple.
  5377 | Temple   | Entered the Ecumenical Temple
  5570 | Temple   | Became a worshipper of Zin the Law-Giver
  5570 | Temple   | Reached * piety under Zin
  5618 | D:7      | Noticed Pikel
  5641 | D:6      | Killed Pikel
  5861 | D:7      | Found Iloanem's Weapon Emporium.
  5872 | D:7      | Reached ** piety under Zin
  5887 | D:7      | Reached skill level 7 in Axes
  6094 | D:7      | Found the amulet of the Four Winds {rN+ Will+++ Clar}
  6257 | D:7      | Found a radiant altar of Vehumet.
  6260 | D:7      | Found an ornate altar of the Wu Jian Council.
  6267 | D:7      | Found a sparkling altar of Nemelex Xobeh.
  6268 | D:7      | Found a glowing golden altar of the Shining One.
  6269 | D:7      | Found an opulent altar of Gozag.
  6813 | D:8      | Noticed Erica
  6835 | D:8      | HP: 14/84 [rock wall collision (7)]
  6841 | D:8      | Killed Erica
  6842 | D:8      | Reached XP level 10. HP: 18/63 MP: 10/10
  7467 | D:8      | Reached skill level 8 in Axes
  7568 | D:8      | Noticed Psyche
  7581 | D:8      | Killed Psyche
  7734 | D:8      | Noticed a two-headed ogre
  7748 | D:8      | Killed a two-headed ogre
  7942 | D:9      | Reached *** piety under Zin
  7994 | D:9      | Found Syskuim's Jewellery Shoppe.
  8190 | D:9      | Noticed Grum
  8192 | D:9      | Killed Grum
  8203 | D:9      | Reached skill level 5 in Evocations
  8358 | D:9      | Noticed Prince Ribbit
  8364 | D:9      | Killed Prince Ribbit
  8365 | D:9      | Reached skill level 9 in Axes
  8559 | D:9      | Noticed Maurice
  8564 | D:9      | Reached XP level 11. HP: 65/69 MP: 11/11
  8564 | D:9      | Killed Maurice
  8673 | D:9      | Reached **** piety under Zin
  8729 | D:10     | Entered Level 10 of the Dungeon
  9399 | D:10     | Reached skill level 1 in Invocations
 10113 | D:10     | Noticed a catoblepas
 10131 | D:10     | Killed a catoblepas
 10544 | D:11     | Noticed a boulder beetle
 10561 | D:10     | Killed a boulder beetle
 10732 | D:10     | Reached skill level 10 in Axes
 10868 | D:11     | Found a staircase to the Lair.
 11208 | D:11     | Upgraded the game from 0.29-a0-422-gafbd6decc1 to
                  | 0.29-a0-451-gfbfa42419e
 11238 | D:11     | Found a staircase to the Orcish Mines.
 11268 | D:11     | Identified 2 scrolls of acquirement
 11314 | D:11     | Acquired 564 gold pieces
 11315 | D:11     | Reached ***** piety under Zin
 11316 | D:11     | Acquired a manual of Axes
 11322 | D:11     | Noticed a two-headed ogre
 11727 | D:11     | Killed a two-headed ogre
 12556 | D:11     | Reached skill level 11 in Axes
 12556 | D:11     | Reached skill level 5 in Invocations
 12576 | D:11     | Reached XP level 12. HP: 35/76 MP: 15/15
 12844 | D:12     | Noticed a two-headed ogre
 12855 | D:12     | Killed a two-headed ogre
 12896 | D:12     | Noticed a boulder beetle
 12907 | D:12     | Killed a boulder beetle
 13564 | Lair:1   | Entered Level 1 of the Lair of Beasts
 13613 | Lair:1   | Reached skill level 12 in Axes
 14072 | Lair:1   | Reached skill level 10 in Fighting
 14333 | Lair:2   | Reached skill level 10 in Armour
 16051 | Lair:2   | Identified the +7 long sword of Laest {holy, *Rage rElec
                  | Str+2}
 16106 | Lair:2   | Found a staircase to the Swamp.
 16134 | Lair:2   | Reached skill level 13 in Axes
 16780 | Lair:2   | Found a transporter.
 16795 | Lair:2   | Found a transporter.
 16801 | Lair:2   | Noticed Caiv's ghost (journeyman OpAE)
 17011 | Lair:2   | Reached XP level 13. HP: 72/83 MP: 19/19
 17922 | Lair:3   | Found a staircase to the Snake Pit.
 18080 | Lair:3   | Noticed Snorg
 18096 | Lair:3   | Killed Snorg
 18137 | Lair:3   | Reached ****** piety under Zin
 18477 | Lair:4   | Reached skill level 14 in Axes
 19126 | Lair:4   | Identified the +4 plate armour of Autumn {Harm rC+}
 19365 | Lair:4   | Found a runed translucent door.
 19394 | Lair:4   | Noticed GayMysterio's ghost (adept MiBe)
 20320 | Lair:4   | HP: 14/84 [meliai/+0 war axe (3)]
 20323 | Lair:4   | HP: 4/84 [meliai/divine providence (8)]
 20763 | Lair:4   | Reached skill level 10 in Invocations
 21448 | Lair:4   | Noticed Rupert
 21457 | Lair:4   | HP: 16/84 [Rupert/+2 battleaxe of flaming (29)]
 21796 | Lair:4   | Killed Rupert
 21797 | Lair:4   | Reached skill level 15 in Axes
 21797 | Lair:4   | Gained mutation: Your large and strong wings let you fly.
                  | [Gargoyle growth]
 21797 | Lair:4   | Reached XP level 14. HP: 82/90 MP: 19/21
 22505 | Lair:5   | Found a hazy altar of Hepliaklqana.
 22881 | Lair:5   | Found a viscous altar of Jiyva.
 22882 | Lair:5   | Found a staircase to the Slime Pits.
 23286 | Lair:6   | Entered Level 6 of the Lair of Beasts
 24334 | Lair:6   | Noticed Josephine
 24394 | Lair:6   | Killed Josephine
 26291 | Lair:6   | Reached skill level 10 in Shields
 27130 | Lair:6   | Reached skill level 16 in Axes
 27136 | Lair:6   | HP: 13/92 [death yak (14)]
 27142 | Lair:6   | HP: 8/92 [death yak (12)]
 27486 | Lair:6   | Reached XP level 15. HP: 90/96 MP: 24/24
 28812 | Orc:1    | Entered Level 1 of the Orcish Mines
 29697 | Orc:2    | Entered Level 2 of the Orcish Mines
 30071 | Orc:2    | Found a staircase to the Elven Halls.
 30096 | Orc:2    | Noticed Urug
 30115 | Orc:2    | Killed Urug
 31113 | Orc:2    | Noticed Erolcha
 31134 | Orc:2    | Killed Erolcha
 31168 | Orc:2    | Found a runed translucent door.
 31411 | Orc:2    | Identified the +6 rapier "Orchaw Cutif" {vorpal, Fragile
                  | Fly rC++ rCorr}
 31575 | Orc:2    | HP: 11/96 [smoke demon/divine providence[an orc sorcerer]
                  | (15)]
 31575 | Orc:2    | Slain by an ice devil

Illustrated notes

Levels and vault maps discovered:
D:1:      dpeg_arrival_ternary, layout_rooms
D:2:      layout_loops_corners, shapermc_ecumenical_altar_pompeii
D:3:      layout_loops_ring, dreamdust_mushroom_princess
D:4:      layout_cave_pools, nrook_loot_triangle
D:5:      layout_rooms, mainiacjoe_overflow_boulevard, uniq_menkaure
D:6:      layout_basic, minmay_temple_entry_mist, uniq_eustachio, uniq_edmund
D:7:      layout_rooms, minitemple, serial_shops,
          nicolae_shop_bloodbath_and_beyond, uniq_pikel
D:8:      layout_basic, uniq_erica, uniq_psyche
D:9:      layout_basic, serial_shops, shop, uniq_grum, uniq_maurice,
          uniq_prince_ribbit1
D:10:     layout_layer_cave, serial_glass, glass_columns_b, glass_columns_a,
          due_unseen_surprise
D:11:     cheibrodos_frozen_isle, layout_rooms, david_lair_shrubbed, david_orc_2
D:12:     layout_basic, serial_shops, nicolae_shop_behind_doors,
          einodemon_armed_red_devil_minivault
Temple:   eino_temple_scatter_basement
Lair:1:   layout_misc_corridors
Lair:2:   layout_chaotic_city, minmay_swamp_entry_worms,
          gammafunk_ghost_berserking_beasts
Lair:3:   layout_misc_corridors, guppyfry_snake_entry_island,
          chequers_serial_rivers_micro_a, chequers_serial_rivers_micro_c,
          lemuel_fruit_tree, uniq_snorg
Lair:4:   layout_roguey [special_room_bee], ebering_ghost_reflecting_pool,
          worms_lemuel, uniq_rupert
Lair:5:   layout_misc_corridors, slime_altar_1, basic_altar, st_stairs_8
Lair:6:   evilmike_catoblepas_cave, layout_gridlike, roderic_batcave,
          grunt_megastairs_4, infiniplex_staircase_pool, uniq_josephine
Orc:1:    layout_diamond_mine, mines3_lemuel
Orc:2:    st_orc_elflike, layout_diamond_mine, lightli_church_of_beogh,
          uniq_erolcha, uniq_urug

Skill      XL: |  1  2  3  4  5  6  7  8  9 10 11 12 13 14 15 |
---------------+----------------------------------------------+-----
Axes           | 2 3 4 5 6 7 9 11 13 15 16 | 16.0
Fighting       | 4 5 6 7 8 9 10 11 12 | 12.1
Armour         | 4 5 6 7 8 9 10 11 12 | 12.0
Shields        | 4 5 6 7 9 10 12 | 12.6
Evocations     | 2 4 5 6 |  6.2
Invocations    | 5 8 10 12 | 12.1

Action                   |  1- 3 |  4- 6 |  7- 9 | 10-12 | 13-15 || total
-------------------------+-------+-------+-------+-------+-------++-------
Melee: War axe           |   105 |   114 |   356 |   632 |  1385 ||  2592
       Whip              |       |     3 |       |       |       ||     3
       Hand axe          |       |       |       |    75 |    95 ||   170
       Scimitar          |       |       |       |       |    22 ||    22
Throw: Stone             |       |     3 |       |    39 |    24 ||    66
       Dart              |       |       |    15 |    22 |    55 ||    92
       Javelin           |       |       |       |     4 |     5 ||     9
       Boomerang         |       |       |       |    59 |       ||    59
Invok: Recite            |       |       |     3 |    18 |    15 ||    36
       Vitalisation      |       |       |       |       |     1 ||     1
       Imprison          |       |       |       |       |     1 ||     1
Evoke: Wand              |       |       |     2 |    72 |    17 ||    91
       Tin of tremorston |       |       |       |       |     4 ||     4
  Use: Scroll            |       |    10 |     5 |    11 |    10 ||    36
       Potion            |       |     3 |     6 |     1 |     7 ||    17
 Stab: Confused          |       |       |     1 |     6 |     2 ||     9
       Invisible         |       |       |       |     2 |     4 ||     6
       Paralysed         |       |       |       |       |    20 ||    20
Armor: Scale mail        |    64 |       |       |       |       ||    64
       Plate armour      |     3 |   111 |   330 |   409 |   797 ||  1650
Dodge: Dodged            |    62 |    49 |    94 |   170 |   193 ||   568
Block: Buckler           |    23 |    29 |    86 |    99 |       ||   237
       Tower shield      |       |       |       |   130 |  1192 ||  1322

Table legend: (Time is in decaauts)
 A = Elapsed time spent in this place.
 B = Non-inter-level travel time spent in this place.
 C = Inter-level travel time spent in this place.
 D = Time resting spent in this place.
 E = Time spent auto-exploring this place.
 F = Levels seen in this place.
 G = Mean time per level.
                   A        B        C        D        E       F      G
               +--------+--------+--------+--------+--------+-----+--------+
         Total |  31959 |  30491 |   1468 |  13423 |  11174 |  21 | 1521.9 |
       Dungeon |  13840 |  12988 |    852 |   4080 |   6387 |  12 | 1153.3 |
        Temple |    202 |    174 |     28 |      0 |    158 |   1 |  202.0 |
          Lair |  15546 |  15053 |    493 |   8627 |   3494 |   6 | 2591.0 |
  Orcish Mines |   2369 |   2276 |     93 |    715 |   1135 |   2 | 1184.5 |
               +--------+--------+--------+--------+--------+-----+--------+

Top non-repeatable levels by time:
  Lair:6: 3363 daAuts
  Lair:5: 3346 daAuts
  Lair:4: 2835 daAuts
  Lair:2: 2658 daAuts
    D:10: 2575 daAuts
  Lair:3: 2326 daAuts
    D:11: 1870 daAuts
     D:6: 1693 daAuts
   Orc:2: 1361 daAuts
     D:8: 1201 daAuts
     D:2: 1072 daAuts
     D:4: 1050 daAuts
  Lair:1: 1016 daAuts
   Orc:1: 1007 daAuts
     D:9: 875 daAuts
